 Dungeon Crawl Stone Soup version 0.30-a0-168-g0b976cbdc4 (webtiles) character file.

Game seed: 3549406703713902241

31 gelatine the Magician (level 3, -2/25 HPs)
             Began as a Djinni Fire Elementalist on Sept 29, 2022.
             Slain by a hobgoblin (4 damage)
             ... on level 2 of the Dungeon.
             The game lasted 00:02:05 (1267 turns).

gelatine the Magician (Djinni Fire Elementalist)    Turns: 1267, Time: 00:02:06

Health: -2/25      AC:  2    Str:  7    XL:     3   Next: 40%
Gold:   44         EV: 12    Int: 18    God:
                   SH:  0    Dex: 13

rFire   + + .      SeeInvis .    (no weapon)
rCold   x . .      Faith    .    (no shield)
rNeg    . . .      Spirit   .    a - +0 robe
rPois   ∞          Reflect  .    (no helmet)
rElec   .          Harm     .    (no cloak)
rCorr   .          Rampage  .    (no gloves)
Will    .....                    (boots unavailable)
Stlth   ++........               (no amulet)
HPRegen 0.08/turn                (no ring)
MPRegen 0.00/turn                (no ring)

@: attractive, flying, very slightly contaminated
A: sickness immunity, fire resistance 2, cold vulnerability 1, float, innate
caster, HP casting, extra vitality 1
a: no special abilities


You were on level 2 of the Dungeon.
You visited 1 branch of the dungeon, and saw 2 of its levels.

You collected 44 gold pieces.

Inventory:

Armour
 a - a +0 robe (worn)
Scrolls
 d - a scroll of teleportation {unknown}
Potions
 c - a potion of mutation {unknown}
 e - a potion of degeneration {unknown}


   Skills:
 + Level 2.4 Dodging
 + Level 1.8 Stealth
 + Level 3.1 Spellcasting


You couldn't memorise any spells.
You knew the following spells:

 Your Spells              Type           Power      Damage    Failure   Level
a - Foxfire               Conj/Fire      56%        2x1d6     4%          1
b - Scorch                Fire           28%        2d6       7%          2
c - Kindle Blastsparks    Fire/Tloc/Air  28%        2d12      13%         3
d - Inner Flame           Hex/Fire       14%        N/A       13%         3
e - Flame Wave            Conj/Fire      14%        2d6       41%         4
f - Magic Dart            Conj           56%        1d5       4%          1
Your spell library was empty.

Dungeon Overview and Level Annotations

Branches:
Dungeon (2/15)

Altars:

Annotations:
D:2 Natasha


Innate Abilities, Weirdness & Mutations

You are immune to sickness and miasma.
You are immune to poison.
Your flesh is very heat resistant. (rF++)
You are vulnerable to cold. (rC-)
You float through the air rather than walking.
You learn spells naturally, not from books.
Your magical power is your life essence.
You have superior vitality. (+4 MHP)


Message History

You conjure some foxfire!
The jackal barks!
You hear a bark!
The jackal bites you but does no damage.
The jackal barely misses you. Natasha misses you.
The foxfire hits the shadow imp.
The shadow imp is lightly wounded.
Casting: Foxfire (safe; 4% risk of failure)
Confirm with . or Enter, or press ? or * to list all spells.
Flames lash the shadow imp.
The shadow imp is heavily wounded.
The shadow imp's fire resistance burns away.
The foxfire hits Natasha.
Natasha is moderately wounded.
The jackal barely misses you.
The jackal bites you but does no damage.
The jackal barely misses you. Natasha claws you but does no damage.
The jackal misses you. The jackal bites you.
Casting: Scorch (safe; 7% risk of failure)
Confirm with . or Enter, or press ? or * to list all spells.
Flames lash the shadow imp.
The shadow imp is burned terribly!
You kill the shadow imp!
The shadow imp disappears in a puff of smoke!
You hear a bark!
The jackal bites you but does no damage.
The jackal bites you. The jackal closely misses you. Natasha claws you.
Casting: Scorch (safe; 7% risk of failure)
Confirm with . or Enter, or press ? or * to list all spells.
Flames lash the jackal.
You kill the jackal!
* * * LOW HITPOINT WARNING * * *
The jackal closely misses you.
The jackal bites you but does no damage.
Natasha claws you.
* * * LOW HITPOINT WARNING * * *
The jackal barely misses you. The jackal misses you.
It was a potion of attraction.
You feel attractive to monsters. The jackal closely misses you.
The jackal barely misses you. Natasha barely misses you.
The hobgoblin hits you.
You die...

## . .#.
.#. .. .#
##.####.#
#hh.....#
#@g# #h.#
#....
#.####
..# ###


You could see Natasha, 2 jackals and a hobgoblin.

Vanquished Creatures
  An adder (D:2)
  2 endoplasms (D:1)
  2 giant cockroaches (D:1)
  4 hobgoblins (D:1)
  A jackal (D:2)
  4 quokkas (D:1)
  2 bats (D:1)
  2 frilled lizards (D:1)
  A kobold (D:1)
  A rat (D:1)
20 creatures vanquished.

Vanquished Creatures (others)
  67 foxfires
67 creatures vanquished.

Grand Total: 87 creatures vanquished

Notes
Turn   | Place    | Note
-------+----------+-------------------------------------------
     0 | D:1      | gelatine the Djinni Fire Elementalist began the quest for
                  | the Orb.
     0 | D:1      | gelatine set off with the following spells memorised:
                  | Foxfire, Scorch, Kindle Blastsparks, Inner Flame, Flame
                  | Wave.
     0 | D:1      | Reached XP level 1. HP: 15/15 MP: 0/0
    14 | D:1      | Found a faded altar of an unknown god.
   213 | D:1      | Reached XP level 2. HP: 12/21 MP: 0/0
  1028 | D:1      | Reached skill level 3 in Spellcasting
  1183 | D:1      | Reached XP level 3. HP: 22/25 MP: 0/0
  1183 | D:1      | Learned a level 1 spell: Magic Dart
  1258 | D:2      | Noticed Natasha
  1267 | D:2      | Slain by a hobgoblin

Illustrated notes

Levels and vault maps discovered:
D:1:      dpeg_arrival_chambers_temple_mockup, layout_basic,
          shapermc_ecumenical_altar_totnotflames
D:2:      cheibrodos_fertilizer, layout_loops_cross, serial_shops,
          nicolae_shop_temple_entry_statues_fountains, hangedman_decor_points,
          nicolae_concentric_dashed_squares_wild, uniq_sigmund, uniq_natasha,
          uniq_jessica

Skill      XL: |  1  2 |
---------------+-------+-----
Spellcasting   | 3 |  3.1
Dodging        | |  2.4
Stealth        | |  1.8

Action                   || total
-------------------------++-------
 Cast: Foxfire           ||    39
       Scorch            ||     7
  Use: Potion            ||     1
Armor: Robe              ||     5
Dodge: Dodged            ||    17

Table legend: (Time is in decaauts)
 A = Elapsed time spent in this place.
 B = Non-inter-level travel time spent in this place.
 C = Inter-level travel time spent in this place.
 D = Time resting spent in this place.
 E = Time spent auto-exploring this place.
 F = Levels seen in this place.
 G = Mean time per level.
                   A        B        C        D        E       F      G
               +--------+--------+--------+--------+--------+-----+--------+
         Total |   1266 |   1259 |      7 |      0 |   1169 |   2 |  633.0 |
       Dungeon |   1266 |   1259 |      7 |      0 |   1169 |   2 |  633.0 |
               +--------+--------+--------+--------+--------+-----+--------+

Top non-repeatable levels by time:
     D:1: 1256 daAuts
     D:2: 10 daAuts
